 Dungeon Crawl Stone Soup version 0.28-a0-794-gafe8c5f9e9 (webtiles) character file.

Game seed: 15689527888723609235

2725 bande the Chopper (level 9, -2/55 HPs)
             Began as a Gargoyle Fighter on Nov 5, 2021.
             Was a Follower of Okawaru.
             Slain by a gnoll (6 damage)
             ... in a bailey.
             The game lasted 00:15:52 (8922 turns).

bande the Chopper (Gargoyle Fighter)                Turns: 8922, Time: 00:15:53

Health: -2/55      AC: 22    Str: 21    XL:     9   Next: 67%
Magic:  10/10      EV:  8    Int:  9    God:    Okawaru [*.....]
Gold:   1124       SH:  5    Dex: 11    Spells: 8/8 levels left

rFire   + . .      SeeInvis .   a - +0 war axe
rCold   + . .      Faith    +   c - +0 buckler
rNeg    + . .      Spirit   .   d - +2 chain mail {Will+}
rPois   ∞          Reflect  .   (no helmet)
rElec   +          Harm     .   j - scarf {rC+ rF+}
rCorr   .          Rampage  .   e - +0 pair of gloves
Will    +....                   u - +1 pair of boots
Stlth   ..........              b - amulet of faith
HPRegen 0.18/turn               (no ring)
MPRegen 0.12/turn               (no ring)

@: no status effects
A: sickness immunity, AC +6, negative energy resistance 1, electricity
resistance, torment resistance 1, petrification resistance
a: Renounce Religion, Heroism


You were in a bailey.
You worshipped Okawaru.
Okawaru was aware of your devotion.
You visited 2 branches of the dungeon, and saw 8 of its levels.
You also visited: Sewer and Bailey.

You collected 1124 gold pieces.

Inventory:

Hand Weapons
 a - a +0 war axe (weapon)
 v - a +0 flail
Missiles
 A - a throwing net (quivered)
Armour
 c - a +0 buckler (worn)
 d - a +2 chain mail of willpower (worn)
 e - a +0 pair of gloves (worn)
 j - a scarf of resistance (worn)
 u - a +1 pair of boots (worn)
Jewellery
 b - an amulet of faith (around neck)
 y - a ring of resist corrosion
Wands
 p - a wand of iceblast (2)
 w - a wand of polymorph (3)
Scrolls
 f - 4 scrolls of fog
 h - a scroll of amnesia
 o - a scroll of identify
 q - 2 scrolls of teleportation
 t - a scroll of enchant armour
Potions
 g - 2 potions of magic
 i - 4 potions of flight
 k - a potion of lignification {unknown}
 l - a potion of cancellation {unknown}
 m - a potion of curing
 n - 2 potions of berserk rage
 r - a potion of ambrosia {unknown}
 s - 2 potions of haste {unknown}
 x - 3 potions of heal wounds {unknown}
 z - 2 potions of might


   Skills:
 + Level 5.8 Fighting
 + Level 7.6 Axes
 + Level 7.1 Armour
 - Level 0.1 Dodging
 - Level 0.4 Stealth
 + Level 5.1 Shields
 * Level 2.5 Invocations
 * Level 4.6 Evocations


You had 8 spell levels left.
You didn't know any spells.
Your spell library contained the following spells:

 Spells                   Type           Power      Damage    Failure   Level
 Apportation              Tloc           0%         N/A       97%         1
 Scorch                   Fire           0%         2d5       99%         2
 Flame Wave               Conj/Fire      0%         3d3       100%        4
 Animate Skeleton         Necr           Unusable   N/A       N/A         1
 Summon Small Mammal      Summ           Unusable   N/A       N/A         1
 Summon Cactus Giant      Summ           Unusable   N/A       N/A         6

Dungeon Overview and Level Annotations

Branches:
Dungeon (7/15)             Temple (1/1) D:6           Sewer (visited)
 Bailey (1/1)

Altars:
Ashenzari
Cheibriados
Dithmenos
Elyvilon
Gozag
Hepliaklqana
Kikubaaqudgha
Makhleb
Okawaru
Qazlal
Ru
Trog
Vehumet
Wu Jian
Yredelemnul
Zin

Shops:
D:3 :   D:6 !


Innate Abilities, Weirdness & Mutations

You are immune to sickness and miasma.
Your stone body is resilient. (AC +6)
You are immune to poison.
You resist negative energy. (rN+)
You are resistant to electric shocks. (rElec)
You are resistant to unholy torment.
You are immune to petrification.


Message History

You start resting.
A gnoll comes into view. It is wielding a +0 halberd.
A gnoll is nearby!
A gnoll is nearby!
The gnoll shouts!
You hear a shout!
A gnoll sergeant comes into view. It is wielding a +0 halberd.
The gnoll hits you but does no damage.
The gnoll hits you from afar with a +0 halberd!
A gnoll comes into view. It is wielding a +0 trident.
The gnoll shouts!
The gnoll hits you with a +0 halberd.
You see here a hound skeleton.
You hit the gnoll.
The gnoll is moderately wounded.
The gnoll hits you but does no damage. The gnoll sergeant closely misses you.
You completely miss the gnoll.
The gnoll is moderately wounded.
The gnoll closely misses you.
The gnoll sergeant hits you but does no damage.
You hit the gnoll.
The gnoll is severely wounded.
The gnoll hits you with a +0 halberd.
The gnoll sergeant hits you from afar with a +0 halberd.
* * * LOW HITPOINT WARNING * * *
Unknown command.
You hit the gnoll but do no damage.
The gnoll is severely wounded.
The gnoll hits you but does no damage. The gnoll sergeant barely misses you.
You hit the gnoll.
The gnoll is almost dead.
The gnoll closely misses you.
The gnoll sergeant hits you but does no damage.
The gnoll hits you from afar with a +0 trident!
* * * LOW HITPOINT WARNING * * *
The gnoll hits you but does no damage.
Your chain mail prevents you from hitting the gnoll.
The gnoll is almost dead.
The gnoll sergeant barely misses you.
The gnoll hits you from afar with a +0 trident.
You die...

..≈≈♣♣ #..≈.♣
#..≈.♣♣
#..≈..♣♣
#..≈...♣
#..≈...♣
####..≈).)♣♣
...'...).g)♣♣♣#
...'....)gg@.∩#
...'......)♣♣♣#
####..≈...♣♣
#..≈..♣♣
#..≈..♣ #..≈..♣
#..≈.♣♣ #..≈.


You could see a gnoll sergeant and 2 gnolls.

Vanquished Creatures
  A hornet (D:4)
  A wyvern (D:7)
  A steam dragon (D:7)
  Edmund (D:4)
  2 black bears
  2 ogres
  A centaur (D:6)
  3 phantoms (D:4)
  A kobold brigand (D:5)
  Blork the orc (D:6)
  A gnoll sergeant (Bailey)
  A bullfrog (D:6)
  A water moccasin zombie (D:6)
  4 scorpions
  2 water moccasin skeletons
  A bullfrog zombie (D:5)
  3 hounds
  A jelly (D:6)
  An orc priest (D:5)
  2 bullfrog skeletons (D:5)
  A centaur skeleton (D:6)
  3 gnoll shamans (Bailey)
  2 iguanas (D:6)
  2 orc wizards (D:3)
  A merfolk siren (Sewer)
  A merfolk avatar (Sewer)
  12 gnolls
  8 adders
  2 river rats (Sewer)
  A shadow imp (D:5)
  An ufetubus (D:6)
  An adder skeleton (D:4)
  A worm (D:4)
  A dart slug (D:5)
  5 orcs
  9 endoplasms
  5 giant cockroaches
  4 goblins
  5 hobgoblins
  2 jackals (D:1)
  5 quokkas
  11 ball pythons
  5 bats
  10 frilled lizards
  15 kobolds
  36 rats
180 creatures vanquished.

Vanquished Creatures (others)
  4 plants (D:4)
4 creatures vanquished.

Grand Total: 184 creatures vanquished

Notes
Turn   | Place    | Note
-------+----------+-------------------------------------------
     0 | D:1      | bande the Gargoyle Fighter began the quest for the Orb.
     0 | D:1      | Reached XP level 1. HP: 14/14 MP: 1/1
   486 | D:1      | Reached XP level 2. HP: 7/19 MP: 2/2
  1523 | D:1      | Reached XP level 3. HP: 20/23 MP: 3/3
  2001 | D:2      | Found a sacrificial altar of Ru.
  2068 | D:2      | Noticed a scorpion
  2076 | D:2      | Killed a scorpion
  2077 | D:2      | Reached XP level 4. HP: 29/29 MP: 4/4
  2968 | D:3      | Found Byibruhe's Book Boutique.
  2972 | D:3      | Reached XP level 5. HP: 33/33 MP: 5/5
  3762 | D:3      | Reached skill level 1 in Evocations
  3909 | D:4      | Noticed a phantom
  3915 | D:4      | Killed a phantom
  3916 | D:4      | Reached XP level 6. HP: 38/38 MP: 6/6
  4135 | D:4      | Noticed Edmund
  4152 | D:4      | Killed Edmund
  4153 | D:4      | Reached XP level 7. HP: 10/43 MP: 7/7
  4311 | D:4      | Reached skill level 5 in Armour
  4428 | D:4      | Noticed a hornet
  4454 | D:4      | Killed a hornet
  4455 | D:4      | Reached skill level 5 in Axes
  5145 | D:4      | You fall into a shaft and drop 1 floor!
  5145 | D:5      | Entered Level 5 of the Dungeon
  5153 | D:5      | Reached XP level 8. HP: 46/48 MP: 8/8
  5540 | D:5      | Found a glowing drain.
  5549 | Sewer    | Entered a sewer
  6101 | Sewer    | Reached skill level 5 in Fighting
  7317 | D:6      | Reached XP level 9. HP: 49/54 MP: 9/9
  7348 | D:6      | Found a staircase to the Ecumenical Temple.
  7383 | Temple   | Entered the Ecumenical Temple
  7476 | Temple   | Became a worshipper of Warmaster Okawaru
  7559 | D:6      | Noticed Blork the orc
  7570 | D:6      | Killed Blork the orc
  7671 | D:6      | Found Ehuocoisch's Distillery.
  7915 | D:6      | Reached skill level 1 in Invocations
  8388 | D:7      | Reached * piety under Okawaru
  8389 | D:7      | Reached skill level 5 in Shields
  8396 | D:7      | Identified a scroll of acquirement
  8396 | D:7      | Acquired 508 gold pieces
  8563 | D:7      | Found a flagged portal.
  8588 | Bailey   | Entered a bailey
  8922 | Bailey   | Slain by a gnoll

Illustrated notes

Levels and vault maps discovered:
D:1:      erik_arrival_cave_to_civilisation [erik_arrival_cave_to_temple],
          layout_loops_ring, minmay_pentomino_z2
D:2:      layout_loops_ring, basic_altar, minmay_misc_feat_pillars
D:3:      minmay_wonky_spiral, layout_basic, serial_shops, shop
D:4:      layout_basic, serial_bayou, serial_bayou_shore_b, serial_bayou_pond_e,
          serial_bayou_shore_b, serial_bayou_shore_a, serial_bayou_shore_b,
          uniq_edmund
D:5:      layout_rooms, portal_sewer_entry_d
D:6:      layout_cave_pools, minmay_temple_entry_glass, serial_shops,
          shop_coins, minmay_misc_feat_tiny, minivault_23,
          kennysheep_generic_room_5, uniq_blork_the_orc
D:7:      layout_rooms, nicolae_tso_swordbearing_angel, enter_bailey_2,
          st_stairs_10, minmay_misc_feat_diagonals, uniq_harold, uniq_duvessa,
          uniq_maggie
Temple:   minmay_crystal_snake_temple
Bailey:   bailey_polearm_gnolls_kennysheep, bailey

Skill      XL: |  1  2  3  4  5  6  7  8  9 |
---------------+----------------------------+-----
Axes           | 2 3 4 5 6 7 |  7.6
Armour         | 4 5 6 7 |  7.1
Evocations     | 1 2 3 4 |  4.6
Fighting       | 4 5 |  5.8
Shields        | 4 5 |  5.1
Invocations    | 2 |  2.5
Dodging        | |  0.1
Stealth        | |  0.4

Action                   |  1- 3 |  4- 6 |  7- 9 || total
-------------------------+-------+-------+-------++-------
Melee: War axe           |    87 |   171 |   421 ||   679
  Use: Scroll            |     3 |       |     9 ||    12
       Potion            |       |     1 |     4 ||     5
Armor: Scale mail        |    36 |   102 |     6 ||   144
       Chain mail        |       |       |   387 ||   387
Dodge: Dodged            |    50 |    81 |   192 ||   323
Block: Buckler           |    17 |    32 |   146 ||   195

Table legend: (Time is in decaauts)
 A = Elapsed time spent in this place.
 B = Non-inter-level travel time spent in this place.
 C = Inter-level travel time spent in this place.
 D = Time resting spent in this place.
 E = Time spent auto-exploring this place.
 F = Levels seen in this place.
 G = Mean time per level.
                   A        B        C        D        E       F      G
               +--------+--------+--------+--------+--------+-----+--------+
         Total |   9179 |   9007 |    172 |   2461 |   4622 |  10 |  917.9 |
       Dungeon |   7715 |   7611 |    104 |   1840 |   4358 |   7 | 1102.1 |
        Temple |    164 |     96 |     68 |      0 |     80 |   1 |  164.0 |
         Sewer |    958 |    958 |      0 |    440 |    184 |   1 |  958.0 |
        Bailey |    340 |    340 |      0 |    181 |      0 |   1 |  340.0 |
               +--------+--------+--------+--------+--------+-----+--------+

Top non-repeatable levels by time:
     D:1: 1986 daAuts
     D:4: 1855 daAuts
     D:3: 1030 daAuts
   Sewer: 958 daAuts
     D:2: 929 daAuts
     D:6: 884 daAuts
     D:5: 785 daAuts
  Bailey: 340 daAuts
     D:7: 243 daAuts
  Temple: 164 daAuts
